 Dungeon Crawl Stone Soup version 0.14-a0-1663-g0b35444 (webtiles) character file.

150 M4edhros the Charlatan (level 4, -1/28 HPs)
             Began as an Octopode Artificer on Dec 28, 2013.
             Slain by a jackal (2 damage)
             ... on Level 3 of the Dungeon.
             The game lasted 00:01:34 (1498 turns).

M4edhros the Charlatan (Octopode Artificer)         Turns: 1498, Time: 00:01:35

HP  -1/28        AC  1     Str 10      XL: 4   Next: 42%
MP   7/7         EV 12     Int 15      God:
Gold 69          SH  0     Dex 12      Spells:  0 memorised,  3 levels left

rFire  + . .     SeeInvis .     s - +0,+1 dwarf hand axe (curse)
rCold  + . .     Clarity  .     (no shield)
rNeg   . . .     Conserve .     (helmet restricted)
rPois  +         rCorr    .     (no amulet)
rElec  +         rRot     .     (no ring)
SustAb . .       Spirit   .     (no ring)
rMut   .         Warding  .     (no ring)
Saprov . . .     Stasis   .     (no ring)
                                (no ring)
                                (no ring)
                                (no ring)
                                (no ring)

@: flying, mildly poisoned, slightly resistant to hostile enchantments, stealthy
A: almost no armour, amphibious, 8 rings, constrict 8, camouflage 1, gelatinous
body 1
a: no special abilities


You were on level 3 of the Dungeon.
You were hungry.

You visited 1 branch of the dungeon, and saw 3 of its levels.

You collected 69 gold pieces.

Inventory:

Hand weapons
 a - a +0,+0 short sword
 s - a cursed +0,+1 dwarven hand axe (weapon)
Magical devices
 b - a wand of flame (15)
 c - a wand of enslavement (13)
 d - a wand of random effects (12)
Comestibles
 f - a bread ration
 g - a choko
 l - 2 meat rations
 t - a rotting chunk of orc flesh
Scrolls
 h - a scroll of amnesia {unknown}
 j - 2 scrolls of identify {unknown}
 m - 2 scrolls of blinking {unknown}
 n - a scroll of random uselessness {unknown}
 p - a scroll of enchant armour {unknown}
 u - a scroll of magic mapping {unknown}
 v - a scroll of immolation {unknown}
Jewellery
 e - an uncursed ring of sustenance {unknown}
 i - an uncursed ring of sustain abilities {unknown}


   Skills:
 - Level 1.0 Fighting
 - Level 1.0 Short Blades
 - Level 2.0 Dodging
 - Level 1.3 Stealth
 + Level 5.9 Evocations


You had 3 spell levels left.
You didn't know any spells.

Dungeon Overview and Level Annotations

Branches:
Dungeon (3/16)

Altars:


Innate Abilities, Weirdness & Mutations

You cannot wear most types of armour.
You are amphibious.
You can wear up to eight rings at the same time.
You can use your tentacles to constrict many enemies at once.
Your skin changes colour to match your surroundings (Stlth).
Your rubbery body absorbs attacks (AC +1).


Message History

Evoke which item? (* to show all) (? for menu, Esc to quit)
Okay, then.
You barely miss the jackal. You hit the jackal.
You kill the jackal!
You hit the jackal.
You kill the jackal!
You hit the jackal.
You kill the jackal!
The jackal bites you.
* * * LOW HITPOINT WARNING * * *
The jackal closely misses you.
Unknown command.
Unknown command.
You barely miss the jackal. Your grab misses the jackal. The jackal misses you.
The jackal bites you.
* * * LOW HITPOINT WARNING * * *
Unknown command.
You closely miss the jackal. Your grab misses the jackal.
The jackal barely misses you. The jackal bites you.
You die...

. ... ..# .⌠. ###..
##...## ..##...####
......#+ ##...$.....
#......## ##........
#.......## ##.......#
#........###...h.%..#
#.........#.....@...#
#.........#.#...?.>.#
#.<.........#.......#
##).###....##.......#
.%..###.[..##.#.#.#.#
......................
....###.......#.....##.
....###.......#.....#
..............#.....#


You could see a jackal.

Vanquished Creatures
  An orc wizard (D:3)
  2 adders
  An orc (D:3)
  2 bats
  A giant cockroach (D:1)
  7 hobgoblins
  3 jackals (D:3)
  2 kobolds
  3 giant newts (D:1)
  2 goblins (D:1)
  5 rats (D:1)
29 creatures vanquished.

Vanquished Creatures (collateral kills)
  2 orcs (D:3)
2 creatures vanquished.

Grand Total: 31 creatures vanquished

Notes
Turn   | Place    | Note
--------------------------------------------------------------
     0 | D:1      | M4edhros, the Octopode Artificer, began the quest for the Orb.
     0 | D:1      | Reached XP level 1. HP: 13/13 MP: 1/1
   229 | D:1      | Reached skill level 4 in Evocations
   229 | D:1      | Reached XP level 2. HP: 18/18 MP: 3/3
  1051 | D:2      | Reached XP level 3. HP: 12/23 MP: 5/5
  1221 | D:3      | Reached skill level 5 in Evocations
  1403 | D:3      | Reached XP level 4. HP: 24/28 MP: 7/7
  1497 | D:3      | HP: 1/28 [jackal (1)]
  1498 | D:3      | Slain by a jackal

Action                   |  1- 3 |  4- 6 || total
-------------------------+-------+-------++-------
Melee: Short sword       |    44 |       ||    44
       Hand axe          |    10 |    12 ||    22
Evoke: Wand              |     4 |     1 ||     5
  Use: Potion            |       |     4 ||     4
 Stab: Sleeping          |     3 |       ||     3
